 Dungeon Crawl Stone Soup version 0.28-a0-1406-ga8dd43b1d0 (webtiles) character file.

Game seed: 12712311834350393435

446 Ijustatesigmund the Chopper (level 7, -7/62 HPs)
             Began as a Hill Orc Fighter on Jan 6, 2022.
             Was an Initiate of Cheibriados.
             Mangled by a vampire (10 damage)
             ... on level 5 of the Dungeon.
             The game lasted 00:05:11 (4359 turns).

Ijustatesigmund the Chopper (Hill Orc Fighter)      Turns: 4359, Time: 00:05:12

Health: -7/62      AC:  8    Str: 22    XL:     7   Next: 3%
Magic:  9/9        EV:  9    Int:  9    God:    Cheibriados [......]
Gold:   338        SH:  5    Dex: 11    Spells: 6/6 levels left

rFire   . . .      SeeInvis .   a - +0 war axe
rCold   . . .      Faith    .   c - +1 buckler
rNeg    . . .      Spirit   .   b - +0 scale mail
rPois   +          Reflect  .   (no helmet)
rElec   .          Harm     .   n - +0 cloak
rCorr   .          Rampage  .   (no gloves)
Will    .....                   (no boots)
Stlth   ..........              (no amulet)
HPRegen 0.20/turn               g - ring of poison resistance
MPRegen 0.11/turn               (no ring)

@: mighty, very slow
A: no striking features
a: Renounce Religion


You were on level 5 of the Dungeon.
You worshipped Cheibriados.
Cheibriados was noncommittal.
You visited 1 branch of the dungeon, and saw 5 of its levels.

You collected 338 gold pieces.

Inventory:

Hand Weapons
 a - a +0 war axe (weapon)
Armour
 b - a +0 scale mail (worn)
 c - a +1 buckler (worn)
 k - an orb of light
 n - a +0 cloak (worn)
Jewellery
 g - a ring of poison resistance (left hand)
 o - an amulet of guardian spirit
 q - a +4 ring of evasion
Wands
 e - a wand of acid (5)
Scrolls
 m - a scroll of silence
 p - a scroll of identify
Potions
 f - a potion of ambrosia
 i - 2 potions of attraction
 j - 3 potions of flight
 l - a potion of heal wounds {unknown}


   Skills:
 + Level 5.7 Fighting
 + Level 6.9 Axes
 - Level 3.2 Armour
 - Level 0.1 Dodging
 - Level 3.2 Shields
 + Level 2.8 Invocations
 + Level 2.1 Evocations


You had 6 spell levels left.
You didn't know any spells.
Your spell library contained the following spells:

 Spells                   Type           Power      Damage    Failure   Level
 Slow                     Hex            0%         N/A       80%         1
 Confusing Touch          Hex            0%         N/A       99%         3
 Vampiric Draining        Necr           0%         2d6       99%         3
 Blade Hands              Tmut           0%         N/A       100%        5
 Irradiate                Conj/Tmut      0%         3d14      100%        5
 Dragon Form              Tmut           0%         N/A       100%        7


Dungeon Overview and Level Annotations

Branches:
Dungeon (5/15)
 Temple: D:4-7

Altars:
Cheibriados
Kikubaaqudgha
Makhleb


Message History

Done waiting.
r - a scroll labelled ASAHIU XOSEUN
Found a hunting sling.
A vampire comes into view.
The vampire points at you and mumbles some strange words.
You are confused.
The vampire gestures wildly while chanting.
The vampire flickers and vanishes!
Deactivating autopickup; reactivate with Ctrl-A.
You feel better.
As you read the scroll labelled ASAHIU XOSEUN, it crumbles to dust.
You speak a Word of immense power!
It was a scroll of holy word.
Something hits you! Something bites you but does no damage.
You hit something. You hit something. You block something's attack.
Something bites you!
Something draws strength from your injuries!
You hit something but do no damage. Something hits you. Something bites you.
Something draws strength from your injuries!
You slash something!
You hear some strange, mumbled words.
You are confused.
Something draws life force from you.
You hear some strange, mumbled words.
You are more confused.
You feel better.
You feel very mighty all of a sudden. Something draws life force from you!!
You closely miss something. Something hits you.
* * * LOW HITPOINT WARNING * * *
Something bites you.
* * * LOW HITPOINT WARNING * * *
Something draws strength from your injuries!
You completely miss something. Something hits you!
* * * LOW HITPOINT WARNING * * *
Something bites you but does no damage.
You miss something. You block something's attack. Something bites you!
* * * LOW HITPOINT WARNING * * *
Something draws strength from your injuries!
Something completely misses you. Something bites you!
You die...

..##..####.#####...
........#..>>..#..)....#
.:......#.####.#..########
.......... #.............
.$......## #.....#######.
....)...# #.###.###
........# #.# #...#
........#####.# ###.#
..........@...#####.#
....................#
.............########
...########### .. .


There were no monsters in sight!

Vanquished Creatures
  A wyvern (D:4)
  A wyvern zombie (D:5)
  2 centaur skeletons (D:5)
  Natasha (thrice) (D:2)
  A hound skeleton (D:4)
  2 adders (D:4)
  2 worms
  2 dart slugs
  An orc (D:3)
  8 ball pythons
  5 endoplasms
  7 giant cockroaches
  6 goblins
  4 hobgoblins
  2 quokkas
  9 bats
  3 frilled lizards
  6 kobolds
  A quokka skeleton (D:4)
  5 rats
71 creatures vanquished.

Notes
Turn   | Place    | Note
-------+----------+-------------------------------------------
     0 | D:1      | Ijustatesigmund the Hill Orc Fighter began the quest for
                  | the Orb.
     0 | D:1      | Reached XP level 1. HP: 19/19 MP: 1/1
    24 | D:1      | Reached skill level 3 in Axes
   149 | D:1      | You fall into a shaft and drop 1 floor!
   187 | D:2      | Reached XP level 2. HP: 23/26 MP: 2/2
   394 | D:1      | Reached skill level 4 in Axes
  1017 | D:1      | Reached XP level 3. HP: 30/31 MP: 3/3
  1434 | D:2      | Noticed Natasha
  1439 | D:2      | Killed Natasha
  1440 | D:2      | Reached skill level 5 in Axes
  1440 | D:2      | Reached XP level 4. HP: 39/40 MP: 4/4
  1540 | D:2      | Noticed Natasha
  1553 | D:2      | Killed Natasha
  1564 | D:2      | Noticed Natasha
  1571 | D:2      | Killed Natasha
  1813 | D:2      | Reached XP level 5. HP: 46/47 MP: 5/5
  2471 | D:3      | Found a faded altar of an unknown god.
  2475 | D:3      | Reached skill level 6 in Axes
  3435 | D:4      | Found a snail-covered altar of Cheibriados.
  3435 | D:4      | Found an ancient bone altar of Kikubaaqudgha.
  3437 | D:4      | Found a burning altar of Makhleb.
  3445 | D:4      | Became a worshipper of Cheibriados the Contemplative
  3466 | D:4      | Reached skill level 5 in Fighting
  3557 | D:4      | Noticed a wyvern
  3566 | D:4      | Killed a wyvern
  3567 | D:4      | Reached skill level 1 in Evocations
  3567 | D:4      | Reached XP level 6. HP: 11/56 MP: 5/7
  3935 | D:5      | Entered Level 5 of the Dungeon
  4056 | D:5      | Reached XP level 7. HP: 29/62 MP: 7/9
  4341 | D:5      | Noticed a vampire
  4359 | D:5      | HP: 3/62 [something (8)]
  4359 | D:5      | Mangled by a vampire

Illustrated notes

Levels and vault maps discovered:
D:1:      ncdulo_wetmaze, layout_loops_corners
D:2:      layout_loops_ring, uniq_natasha
D:3:      layout_loops_ring, ebering_ecumenical_altar_sacrificial
D:4:      layout_basic, chequers_temple_overflow_statue_of_worship,
          kennysheep_minor_cross
D:5:      layout_basic

Skill      XL: |  1  2  3  4  5  6 |
---------------+-------------------+-----
Axes           | 3 4 5 6 |  6.9
Fighting       | 4 5 |  5.7
Invocations    | 2 |  2.8
Evocations     | 1 2 |  2.1
Armour         | |  3.2
Dodging        | |  0.1
Shields        | |  3.2

Action                   |  1- 3 |  4- 6 |  7- 9 || total
-------------------------+-------+-------+-------++-------
Melee: War axe           |    88 |   136 |     7 ||   231
  Use: Scroll            |     3 |    10 |     1 ||    14
       Potion            |       |     1 |     3 ||     4
Armor: Scale mail        |    58 |    42 |     2 ||   102
Dodge: Dodged            |    40 |    64 |     1 ||   105
Block: Buckler           |    24 |    47 |     2 ||    73

Table legend: (Time is in decaauts)
 A = Elapsed time spent in this place.
 B = Non-inter-level travel time spent in this place.
 C = Inter-level travel time spent in this place.
 D = Time resting spent in this place.
 E = Time spent auto-exploring this place.
 F = Levels seen in this place.
 G = Mean time per level.
                   A        B        C        D        E       F      G
               +--------+--------+--------+--------+--------+-----+--------+
         Total |   4525 |   4419 |    106 |    665 |   3143 |   5 |  905.0 |
       Dungeon |   4525 |   4419 |    106 |    665 |   3143 |   5 |  905.0 |
               +--------+--------+--------+--------+--------+-----+--------+

Top non-repeatable levels by time:
     D:4: 1194 daAuts
     D:1: 1170 daAuts
     D:2: 963 daAuts
     D:3: 742 daAuts
     D:5: 455 daAuts
